 Seeded DCSS version 0.27-a0-789-g6bb3289e1e (webtiles) character file.

Game seed: 20210327 (custom seed)

24 Snicker the Sneak (level 2, 0/22 HPs)
             Began as a Demonspawn Brigand on Mar 27, 2021.
             Slain by a goblin
             ... wielding a +0 club
              (1 damage)
             ... on level 2 of the Dungeon.
             The game lasted 00:01:46 (910 turns).

Snicker the Sneak (Demonspawn Brigand)               Turns: 910, Time: 00:01:47

Health: 0/22       AC:  3    Str: 11    XL:     2   Next: 79%
Magic:  2/2        EV: 12    Int: 12    God:
Gold:   44         SH:  0    Dex: 14    Spells: 1/1 levels left

rFire    . . .     SeeInvis .   a - +2 dagger
rCold    . . .     Faith    .   (no shield)
rNeg     . . .     Spirit   .   b - +0 robe
rPois    .         Reflect  .   (no helmet)
rElec    .         Harm     .   c - +0 cloak
rCorr    .         Rampage  .   (no gloves)
Will     .....                  (no boots)
Stlth    +++.......             g - amulet of the acrobat
HPRegen  0.07/turn              (no ring)
MPRegen  0.08/turn              (no ring)

@: no status effects
A: powered by death 1
a: no special abilities


You were on level 2 of the Dungeon.
You visited 1 branch of the dungeon, and saw 2 of its levels.

You collected 44 gold pieces.

Inventory:

Hand Weapons
 a - a +2 dagger (weapon)
Missiles
 d - 30 poisoned darts (quivered)
Armour
 b - a +0 robe (worn)
 c - a +0 cloak (worn)
Jewellery
 g - an amulet of the acrobat (around neck)
Wands
 k - a wand of iceblast (7)
Scrolls
 f - 5 scrolls of identify {unknown}
 h - a scroll of noise {unknown}
 j - a scroll of amnesia {unknown}
Potions
 i - 2 potions of haste {unknown}


   Skills:
 + Level 2.1 Fighting
 * Level 2.0 Short Blades
 + Level 1.7 Throwing
 + Level 1.2 Dodging
 * Level 4.2 Stealth


You had one spell level left.
You didn't know any spells.
Your spell library was empty.

Dungeon Overview and Level Annotations

Branches:
Dungeon (2/15)

Altars:


Innate Abilities, Weirdness & Mutations

You regenerate a little health from kills.


Message History

The goblin shouts!
You hit the hobgoblin but do no damage. The hobgoblin hits you!
You barely miss the hobgoblin. The hobgoblin barely misses you.
You hit the hobgoblin.
The hobgoblin is lightly wounded.
The hobgoblin hits you!
* * * LOW HITPOINT WARNING * * *
You hit the hobgoblin.
The hobgoblin is heavily wounded.
You hit the hobgoblin.
The hobgoblin is severely wounded.
The hobgoblin closely misses you.
You hit the hobgoblin but do no damage.
The hobgoblin is severely wounded.
The hobgoblin barely misses you.
You hit the hobgoblin but do no damage.
The hobgoblin is severely wounded.
The hobgoblin barely misses you.
You hit the hobgoblin.
You kill the hobgoblin!
You hit the goblin but do no damage. The goblin hits you with a +0 club.
* * * LOW HITPOINT WARNING * * *
You hit the goblin but do no damage. The goblin hits you with a +0 club.
* * * LOW HITPOINT WARNING * * *
Throw: 2 darts (curare)
Press: ? - help, Q - select action, (/) - cycle Shift-Dir - straight line, f - goblin
Aim: a goblin, wielding a +0 club (51% to hit)
You throw a curare-tipped dart.
The curare-tipped dart closely misses the goblin.
The goblin hits you with a +0 club.
* * * LOW HITPOINT WARNING * * *
Throw: dart (curare)
Press: ? - help, Q - select action, (/) - cycle Shift-Dir - straight line, f/p - goblin
Aim: a goblin, wielding a +0 club (51% to hit)
You throw a curare-tipped dart.
The curare-tipped dart closely misses the goblin.
The goblin hits you with a +0 club.
* * * LOW HITPOINT WARNING * * *
You closely miss the goblin. The goblin hits you with a +0 club.
You die...

#############
#...[@g......
#.############
#.#<.......†.#
#.##########.#
#.# #.# #.# #.#
#.# #.# #.# #.#
#.##########.###


You could see a goblin.

Vanquished Creatures
  A dart slug (D:1)
  3 endoplasms
  3 goblins
  3 hobgoblins
  5 ball pythons (D:1)
  3 bats (D:1)
  2 kobolds (D:1)
  A rat (D:1)
21 creatures vanquished.

Notes
Turn   | Place    | Note
-------+----------+-------------------------------------------
     0 | D:1      | Snicker the Demonspawn Brigand began the quest for the Orb.
     0 | D:1      | Reached XP level 1. HP: 16/16 MP: 1/1
    11 | D:1      | Noticed a centaur
    25 | D:1      | Reached skill level 1 in Dodging
   253 | D:1      | Reached skill level 4 in Stealth
   258 | D:1      | Gained mutation: You regenerate a little health from kills.
                  | [demonic ancestry]
   258 | D:1      | Reached XP level 2. HP: 10/22 MP: 2/2
   909 | D:2      | HP: 1/22 [goblin/+0 club (1)]
   910 | D:2      | Slain by a goblin

Illustrated notes

Levels and vault maps discovered:
D:1:      evilmike_arrival_come_back, layout_rooms
D:2:      layout_basic

Skill      XL: |  1  2 |
---------------+-------+-----
Dodging        | 1 |  1.2
Stealth        | 4 |  4.2
Short Blades   | 2 |  2.0
Fighting       | |  2.1
Throwing       | |  1.7

Action                   || total
-------------------------++-------
Melee: Dagger            ||    65
Throw: Dart              ||     2
 Stab: Sleeping          ||     1
Armor: Robe              ||    10
Dodge: Dodged            ||    56

Table legend: (Time is in decaauts)
 A = Elapsed time spent in this place.
 B = Non-inter-level travel time spent in this place.
 C = Inter-level travel time spent in this place.
 D = Time resting spent in this place.
 E = Time spent auto-exploring this place.
 F = Levels seen in this place.
 G = Mean time per level.
                   A        B        C        D        E       F      G
               +--------+--------+--------+--------+--------+-----+--------+
         Total |    903 |    888 |     15 |      0 |    725 |   2 |  451.5 |
       Dungeon |    903 |    888 |     15 |      0 |    725 |   2 |  451.5 |
               +--------+--------+--------+--------+--------+-----+--------+

Top non-repeatable levels by time:
     D:1: 844 daAuts
     D:2: 59 daAuts
